 Dungeon Crawl Stone Soup version 0.17-a0-1582-ge6b0260 (webtiles) character file.

623272 Chiseanne the Spry (level 27, -5/291 HPs)
             Began as a Demonspawn Wanderer on July 28, 2015.
             Was an Initiate of Gozag.
             Killed by an exploding bennu (31 damage)
             ... ignited by themself
             ... on level 3 of the Depths on July 29, 2015.
             The game lasted 04:48:58 (73198 turns).

Chiseanne the Spry (Demonspawn Wanderer)           Turns: 73198, Time: 04:48:58

Health: -5/291     AC: 33    Str: 23 (28) XL:     27
Magic:  43/43      EV: 29    Int: 17      God:    Gozag
Gold:   2238       SH: 31    Dex: 29      Spells: 0 memorised, 41 levels left

rFire  + . .     SeeInvis .     a - +8 autumn katana {slice, Clar}
rCold  + . .     Clarity  +     q - +1 plate armour of Objectivity {+Fly rPois rC+ Slay+3}
rNeg   + . .     SustAt   .     O - +8 large shield of the Barracuda {rF+ Str+4 Slay+2}
rPois  +         Gourm    .     K - +2 helmet "Furorch" {rF+}
rElec  +         Spirit   .     R - +2 cloak {rPois}
rCorr  +         Warding  +     h - +1 pair of gloves of Experimentation {-Cast MP+9 Dex+4}
rMut   .         Stasis   .     (boots unavailable)
MR     ++...     NoCast   +     k - amulet of warding
Stlth  ..........               Y - ring of Rillaf {+Fly rElec rF- Dex+4 Slay+2}
                                l - +2 ring of slaying

@: mighty, agile, very slightly contaminated, hasted, studying Bows, drained,
very quick, very resistant to hostile enchantments, extremely unstealthy
A: hooves 3, yellow scales 3, demonic guardian 3, powered by pain 3, robust 3
a: Potion Petition, Call Merchant, Bribe Branch, Renounce Religion, Evoke Flight
}: 2/15 runes: barnacled, gossamer


You were on level 3 of the Depths.
You worshipped Gozag.
Gozag was noncommittal.
You were full.

You visited 8 branches of the dungeon, and saw 47 of its levels.
You visited the Abyss 1 time.
You visited 1 ziggurat, and saw 16 of its levels.

You collected 32278 gold pieces.
You spent 14589 gold pieces at shops.
You paid 15451 gold pieces to Gozag.

Inventory:

Hand weapons
 a - the +8 autumn katana (weapon) {slice, Clar}
   (You found it on level 2 of the Lair of Beasts)

   It inflicts extra damage upon your enemies.
   It protects you against confusion.
 s - a +4 scimitar of flaming
Armour
 h - the +1 pair of gloves of Experimentation (worn) {-Cast MP+9 Dex+4}
   (You bought it in a shop on level 15 of the Dungeon)

   It affects your dexterity (+4).
   It affects your magic capacity (+9).
   It prevents spellcasting.
 q - the +1 plate armour of Objectivity (worn) {+Fly rPois rC+ Slay+3}
   (You bought it in a shop on level 12 of the Dungeon)

   It affects your accuracy and damage with ranged weapons and melee attacks
   (+3).
   It protects you from cold.
   It protects you from poison.
   It lets you fly.
 K - the +2 helmet "Furorch" (worn) {rF+}
   (You bought it in a shop on level 12 of the Dungeon)

   It protects you from fire.
 O - the +8 large shield of the Barracuda (worn) {rF+ Str+4 Slay+2}
   (You bought it in a shop on level 12 of the Dungeon)

   It affects your strength (+4).
   It affects your accuracy and damage with ranged weapons and melee attacks
   (+2).
   It protects you from fire.
 R - a +2 cloak of poison resistance (worn)
Rods
 b - a +0 lightning rod (13/13)
   (You bought it in a shop on level 9 of the Dungeon)
 C - a +3 rod of destruction (12/12)
   (You found it on level 12 of a ziggurat)
 M - a +9 rod of clouds (15/16)
   (You found it on level 12 of a ziggurat)
Jewellery
 k - an amulet of warding (around neck)
 l - a +2 ring of slaying (left hand)
 o - the ring "Ginn" {Wiz rPois rN+ Str-2 Int+2}
   (You found it on level 11 of a ziggurat)

   [ring of wizardry]

   It improves your spell success rate.
   It affects your strength (-2).
   It affects your intelligence (+2).
   It protects you from poison.
   It protects you from negative energy.
 p - an uncursed ring of see invisible
 w - an uncursed ring of protection from magic
 A - the ring "Piruhyrgh" {+/*Tele MR+, unknown}
   (You found it on level 16 of a ziggurat)

   [ring of teleportation]

   It may teleport you to nearby monsters, and can be evoked to randomly
   teleport.
   It affects your resistance to hostile enchantments.
 D - an uncursed amulet of regeneration {unknown}
 G - the ring of Xivvuywn {+/*Tele rElec MP-9 Int+8}
   (You found it on level 12 of a ziggurat)

   [ring of teleportation]

   It may teleport you to nearby monsters, and can be evoked to randomly
   teleport.
   It affects your intelligence (+8).
   It insulates you from electricity.
   It affects your magic capacity (-9).
 S - the amulet "Zyogotwi" {Ward +Blink rPois rC- rN+ Dex+4, unknown}
   (You found it on level 16 of a ziggurat)

   [amulet of warding]

   It may prevent the melee attacks of summoned creatures.
   It affects your dexterity (+4).
   It makes you vulnerable to cold.
   It protects you from poison.
   It protects you from negative energy.
   It lets you blink.
 Y - the ring of Rillaf (right hand) {+Fly rElec rF- Dex+4 Slay+2}
   (You found it on level 11 of the Dungeon)

   [ring of dexterity]

   It affects your dexterity (+4).
   It affects your accuracy and damage with ranged weapons and melee attacks
   (+2).
   It makes you vulnerable to fire.
   It insulates you from electricity.
   It lets you fly.
Magical devices
 y - a wand of teleportation (0)
 U - a wand of hasting (2)
Scrolls
 e - 8 scrolls of fear
 f - 26 scrolls of identify
 r - 3 scrolls of magic mapping
 t - 8 scrolls of immolation
 z - 24 scrolls of remove curse
 F - 2 scrolls of enchant armour
 H - 14 scrolls of fog
 I - 3 scrolls of blinking
 N - 10 scrolls of recharging
 Z - 12 scrolls of teleportation
Potions
 d - 2 potions of might
 j - 29 potions of curing
 m - a potion of cancellation
 n - a potion of invisibility
 x - 4 potions of flight
 E - a potion of haste
 P - a potion of cure mutation
Books
 i - a manual of Bows
 u - the Disquisition on Bewitching Combat Magic
   (You found it on level 7 of a ziggurat)

   Spells                             Type                      Level
   a - Conjure Flame                  Conjuration/Fire             3
   b - Silence                        Hexes/Air                    5
   c - Bolt of Fire                   Conjuration/Fire             6
   d - Darkness                       Hexes                        6
 J - Utzinwis's Collected Works on the Entourage
   (You found it on level 15 of a ziggurat)

   Spells                             Type                      Level
   a - Summon Ice Beast               Ice/Summoning                4
   b - Aura of Abjuration             Summoning                    5
   c - Dragon's Call                  Summoning                    9
Miscellaneous
 c - a sack of spiders {used: 10}
 g - 4 phantom mirrors
 v - a lamp of fire (inert)
 L - a fan of gales (inert)
 Q - a phial of floods
 V - a sack of spiders
Comestibles
 B - 11 meat rations


   Skills:
 * Level 19.9(19.1) Fighting
 - Level 12.0(11.2) Long Blades
   Level 1.0(0.6) Axes
 - Level 1.0(0.6) Maces & Flails
 - Level 1.0(0.4) Throwing
 * Level 18.7(17.8) Armour
 * Level 20.1(19.3) Dodging
 - Level 1.0(0.4) Stealth
 * Level 18.2(17.3) Shields
 - Level 7.9(7.3) Spellcasting
   Level 6.6(5.9) Charms
 - Level 12.7(12.0) Evocations


You had 41 spell levels left.
You didn't know any spells.

Dungeon Overview and Level Annotations

Branches:
Dungeon (15/15)            Temple (0/1) D:6            Lair (8/8) D:8
 Shoals (4/4) Lair:5       Spider (4/4) Lair:4        Slime (0/6) Lair:7
    Orc (4/4) D:10            Elf (0/3) Orc:4        Vaults (4/5) D:13
  Crypt (3/3) Vaults:2       Tomb (0/3) Crypt:3      Depths (5/5) D:15
    Zot (0/5) Depths:5

Altars:
Ashenzari
Cheibriados
Elyvilon
Gozag
Kikubaaqudgha
Makhleb
Nemelex Xobeh
Okawaru
Ru
Vehumet
Xom
Yredelemnul
Zin
The Shining One
Beogh

Shops:
D:6 }   D:9 }   D:10 =   D:12 [   D:13 (   D:14 [   D:15 [=(   Orc:1 ?
Orc:3 (*[   Orc:4 *!!=   Vaults:1 :   Vaults:3 (   Depths:4 }   Depths:5 ?!!*

Portals:
Hell: Depths:1 Depths:2 Depths:3 Depths:4 Depths:5
Abyss: Depths:4 Depths:5
Pandemonium: Depths:3
Trove: Depths:3 (show slimy rune of Zot)


Innate Abilities, Weirdness & Mutations

You have hooves in place of feet.
You are completely covered in yellow scales (AC +4, rCorr).
A powerful demonic guardian rushes to your aid.
You are powered by pain.
You are extremely robust (+30% HP).


Message History

You block the bennu's attack.
Are you sure you want to leave this ziggurat? [Y]es or [N]o only, please.
Are you sure you want to leave this ziggurat?
The mummy is no longer distracted by gold.
The spriggan zombie burns!
You block the spriggan zombie's attack.
You block the emperor scorpion's attack. x2
The emperor scorpion barely misses you.
The mummy priest is distracted by the nearby gold.
The bennu closely misses you. The bennu completely misses you.
The bennu misses you. You block the orange demon's attack.
Welcome back to the Depths!
There is an empty arch of ancient stone here.
You closely miss the bennu. You kick the bennu!
The bennu is almost dead.
You slash the bennu!
The bennu blazes out!
The pyre of ghostly fire engulfs you! You partially resist.
You die...
Your body crumbles into a pile of gold.

###.# #..#.##### #.##.#
....# #..#[....# #....#
###########..#)###.#
######
.............#)#)#.#
##########..))).)..#
................#).##
######..#.....)###..##
#.....[[.##=##..# ##
#....[.....@....# .#
#.#..[[..##.##.[# .#
#....[....###..##
.#####.......#..#..##
.##...............##
.##.......##.#.#.#######
..........<...........>#
.∩....##...#.#.#..####.#
......##.#.#.#.#..# #.#


There were no monsters in sight!

Vanquished Creatures
  Khufu (Crypt:3)
  An ancient lich (Depths:5)
  3 greater mummies
  2 pandemonium lords (Zig:11)
  Margery (Depths:3)
  Saint Roka (Vaults:1)
  3 Killer Klowns (Zig:11)
  A profane servitor (Crypt:3)
  A bone dragon (Crypt:3)
  3 liches
  Jorgrun (Crypt:2)
  Rupert (Lair:6)
  2 tentacled monstrosities
  A titan (Zig:2)
  An acid blob (Abyss:3)
  A quicksilver dragon (Vaults:4)
  3 tentacled starspawn (Abyss:3)
  A kraken (Shoals:4)
  5 tengu reavers
  An eldritch tentacle (Depths:5)
  9 sphinxes
  A sphinx (shapeshifter) (Zig:11)
  2 ancient champions (Crypt:3)
  2 shadow dragons (Depths:2)
  4 storm dragons
  2 draconian monks (Zig:14)
  4 greater nagas
  5 fire giants
  Wiglaf (Depths:2)
  4 revenants
  An azure jelly (Zig:8)
  Maud (Orc:3)
  8 frost giants
  An orc warlord (Zig:13)
  2 deep elf sorcerers (Vaults:2)
  A curse skull (Crypt:2)
  A caustic shrike zombie (Crypt:2)
  2 draconian shifters (Zig:14)
  A cacodemon (Depths:3)
  5 vault wardens
  2 spriggan defenders (Depths:3)
  An emperor scorpion (Spider:4)
  4 ghost moths
  A ghoul (Crypt:3)
  19 ironheart preservers
  21 stone giants
  A vampire knight (Depths:5)
  3 draconian callers
  10 very ugly things
  2 deep elf demonologists
  A green draconian (Zig:14)
  Nessos (D:15)
  2 bennus (Zig:10)
  A black draconian (Abyss:3)
  A war gargoyle (Zig:13)
  A red draconian (Depths:5)
  2 salamander firebrands (Depths:5)
  A salamander stormcaller (Vaults:4)
  A mottled draconian (Depths:5)
  A purple draconian (Depths:5)
  A deep elf annihilator (Zig:12)
  10 ettins
  3 eidola
  22 jiangshi
  3 merfolk javelineers
  2 deep elf death magi
  A fire dragon (shapeshifter) (Depths:2)
  2 green deaths
  6 vault guards
  The ghost of Chiseanne the Pannier, a powerful DsWn of Nemelex Xobeh (D:13)
  3 mummy priests
  4 merfolk impalers
  5 fire dragons
  2 death cobs (Crypt:3)
  17 yaktaur captains
  8 ice dragons
  An entropy weaver (shapeshifter) (Depths:2)
  2 entropy weavers
  Harold (Lair:1)
  2 ghost crabs
  7 great orbs of eyes
  6 rakshasas
  7 hydras
  2 naga warriors (Zig:15)
  5 death knights
  A spriggan air mage (Depths:2)
  22 ogre magi
  2 merfolk aquamancers
  2 anacondas (Zig:15)
  A satyr (Zig:3)
  15 death yaks
  12 centaur warriors
  12 deep troll earth magi
  11 deep troll shamans
  4 vampire magi
  5 thrashing horrors (Abyss:3)
  5 spriggan berserkers
  5 tengu warriors
  3 shock serpents (Zig:15)
  2 naga sharpshooters
  2 orc high priests (Zig:5)
  17 hell knights
  2 titan skeletons
  A soul eater (Crypt:3)
  A sun demon (Depths:3)
  Nergalle (Orc:2)
  2 hell hogs (Abyss:3)
  3 fire crabs
  5 wretched stars (Abyss:3)
  5 iron trolls
  3 sea snakes (Shoals:4)
  An unseen horror (shapeshifter) (Vaults:2)
  7 shadow wraiths
  33 deep trolls
  5 salamander mystics
  2 death scarabs (Zig:16)
  2 deep elf knights
  6 giant orange brains
  The ghost of Chiseanne the Thaumaturge, an experienced DsWn of Vehumet (D:8)
  6 unseen horrors
  2 golden dragon zombies
  A spatial maelstrom (Abyss:3)
  An ice devil (Abyss:3)
  A swamp dragon (Zig:6)
  9 wizards
  27 skeletal warriors
  11 ironbrand convokers
  6 flayed ghosts
  3 anubis guards
  A deep elf summoner (Vaults:3)
  13 necromancers
  6 phantasmal warriors
  2 obsidian statues
  2 naga ritualists (Zig:15)
  A quicksilver dragon simulacrum (Abyss:3)
  A golden dragon skeleton (Zig:10)
  A manticore (shapeshifter) (Depths:2)
  5 orb spiders
  A harpy (Shoals:1)
  3 shining eyes
  5 hill giants
  55 ugly things
  3 deep elf conjurers
  A harpy (shapeshifter) (D:15)
  An oklob plant (Zig:9)
  20 orc knights
  A shadow dragon skeleton (Depths:2)
  A tengu skeleton (Depths:4)
  9 griffons
  A sixfirhy (Abyss:3)
  20 wolf spiders
  A stone giant zombie (Depths:1)
  A mana viper (Zig:15)
  A faun (Shoals:2)
  5 orc sorcerers
  An iron dragon skeleton (Crypt:3)
  6 salamanders (Depths:5)
  2 hornets
  A moth of wrath (shapeshifter) (Depths:4)
  4 centaur zombies
  3 water nymphs
  A worldbinder (Abyss:3)
  3 sirens
  6 cyclopes
  A guardian serpent (Zig:15)
  7 smoke demons (Abyss:3)
  Maurice (D:11)
  A black mamba (shapeshifter) (Vaults:1)
  4 manticores
  4 moths of wrath
  13 vault sentinels
  6 elephants
  7 naga magi (Zig:15)
  An orange demon (Abyss:3)
  A torpor snail (shapeshifter) (Depths:2)
  A rust devil (Depths:3)
  2 gargoyles
  An eye of devastation (Depths:3)
  A spriggan skeleton (Zig:10)
  A yaktaur (shapeshifter) (Depths:2)
  A grey draconian zombie (Crypt:2)
  60 yaktaurs
  5 spectral swamp worms (Depths:1)
  16 black mambas
  6 demonic crawlers
  30 spiny frogs
  10 komodo dragons
  An ancient zyme (Abyss:3)
  2 hellwings
  9 trolls
  11 jumping spiders
  A redback zombie (D:14)
  A golden dragon simulacrum (Zig:16)
  A fire drake (shapeshifter) (Depths:2)
  A wind drake (Shoals:4)
  An efreet (Abyss:3)
  A sphinx simulacrum (Depths:4)
  8 guardian mummies
  10 merfolk
  3 fire drakes
  2 shadow dragon simulacra
  A tengu conjurer (Depths:3)
  4 deep elf priests
  A merfolk (shapeshifter) (Depths:2)
  33 two-headed ogres
  2 polar bears
  15 blink frogs
  10 freezing wraiths
  3 blue devils
  A tengu simulacrum (Depths:3)
  2 giant leeches
  A troll (shapeshifter) (Depths:2)
  27 slime creatures
  3 snapping turtles
  3 spriggan zombies
  A blink frog (shapeshifter) (Vaults:1)
  A hydra skeleton (Crypt:2)
  A boulder beetle (shapeshifter) (Vaults:4)
  5 boulder beetles
  2 spriggans (Depths:2)
  8 trapdoor spiders
  2 human simulacra
  5 raiju (Abyss:3)
  22 redbacks
  10 wraiths
  2 spriggans (shapeshifter) (Depths:2)
  Sigmund (D:3)
  48 flying skulls
  45 yaks
  11 starcursed masses (Abyss:3)
  5 shadows
  A spriggan simulacrum (Depths:3)
  11 tarantellas
  4 yaks (shapeshifter)
  A vampire (D:12)
  10 large abominations
  10 water elementals
  13 hippogriffs
  3 wyverns
  12 deep elf fighters
  6 deep elf magi
  A fire bat (Zig:1)
  6 ynoxinuls (Abyss:3)
  A hungry ghost (Abyss:3)
  17 humans
  2 tarantellas (shapeshifter) (Depths:2)
  4 steam dragons
  4 neqoxecs
  11 vampire mosquitoes
  A hog (shapeshifter) (Vaults:4)
  7 swamp worms (Lair:3)
  2 wolves (shapeshifter)
  3 basilisks
  6 chaos spawn
  18 wargs
  11 wolves
  15 water moccasins
  Edmund (D:4)
  2 nagas (Zig:15)
  2 insubstantial wisps
  16 porcupines
  2 mottled dragons
  73 orc warriors
  A soldier ant (shapeshifter) (D:15)
  8 hell hounds (Abyss:3)
  2 soldier ants
  A black bear (shapeshifter) (Vaults:3)
  4 necrophages (Crypt:3)
  A swamp drake (Zig:6)
  An ogre (shapeshifter) (Depths:3)
  2 ice beasts
  3 sky beasts
  4 black bears
  12 spiders
  6 wasps
  6 boggarts
  4 eyes of draining
  A phantom (D:9)
  83 ogres
  27 centaurs
  23 crocodiles
  A brain worm (Lair:3)
  9 small abominations
  2 wyvern zombies
  2 big kobolds
  33 giant frogs
  3 gnoll sergeants
  3 scorpions
  A troll skeleton (Crypt:2)
  11 wights
  9 crimson imps
  2 vampire bats (D:4)
  8 electric eels
  9 iguanas
  38 orc wizards
  3 quasits
  9 hounds
  7 jellies
  Jessica (D:3)
  A centaur skeleton (D:8)
  32 orc priests
  3 giant frog skeletons
  3 polar bear simulacra (Lair:5)
  24 sheep
  A lightning spire (Zig:13)
  4 wolf simulacra (Lair:5)
  2 yak simulacra (Lair:5)
  10 worker ants
  A hound zombie (D:8)
  2 hound skeletons
  5 mummies
  19 gnolls
  A river rat (shapeshifter) (Zig:13)
  69 river rats
  8 adders
  3 shadow imps
  2 white imps
  An ufetubus (Abyss:3)
  An ooze (D:6)
  12 worms
  2 adder skeletons
  7 giant geckos
  215 orcs
  16 bats
  2 bat skeletons
  3 bat zombies (D:4)
  6 giant cockroaches
  2 gnoll zombies (D:9)
  32 goblins
  22 hobgoblins
  25 kobolds
  5 quokkas
  2 ball pythons
  A giant gecko skeleton (D:8)
  7 giant newts
  9 jackals
  A jackal skeleton (D:8)
  2 jackal zombies
  8 rats
  2 river rat simulacra (Lair:5)
  A bush (D:5)
  5 fungi
  2 lurking horrors (Abyss:3)
  16 plants
  6 tentacles (Shoals:4)
2472 creatures vanquished.

Vanquished Creatures (collateral kills)
  Mara (Depths:4)
  A Killer Klown (Zig:11)
  A golden dragon (Depths:3)
  Nikola (Shoals:1)
  A pandemonium lord (Zig:11)
  A lich (Depths:4)
  2 acid blobs (Zig:8)
  A draconian monk (Zig:14)
  7 greater nagas
  Ilsuiw (Shoals:4)
  2 storm dragons
  4 draconian knights
  A draconian scorcher (Zig:12)
  Aizul (Shoals:4)
  Louise (Depths:4)
  2 vault wardens (Zig:7)
  A draconian zealot (Zig:14)
  A reaper (Vaults:2)
  An ironheart preserver (Zig:9)
  A stone giant (Zig:13)
  2 draconian callers (Zig:14)
  A green draconian (Zig:14)
  A deep elf demonologist (Vaults:2)
  A bennu (Zig:16)
  2 purple draconians (Zig:14)
  A yellow draconian (Zig:14)
  3 white draconians
  A red draconian (Zig:14)
  An ettin (Vaults:4)
  2 merfolk javelineers (Shoals:4)
  2 merfolk impalers
  2 mummy priests
  Josephine (Shoals:1)
  A great orb of eyes (Depths:3)
  3 jiangshi
  A naga warrior (Zig:15)
  A hydra (D:13)
  2 satyrs
  An ice dragon (Depths:3)
  A merfolk avatar (Shoals:4)
  A death yak (Lair:8)
  A deep troll shaman (Depths:4)
  5 merfolk aquamancers
  2 deep troll earth magi
  A soul eater (Abyss:3)
  A salamander mystic (Zig:12)
  A skeletal warrior (Crypt:3)
  A death scarab (Zig:10)
  A giant orange brain (Depths:1)
  A naga ritualist (Zig:12)
  5 deep trolls
  A hill giant (D:13)
  A harpy (shapeshifter) (Zig:11)
  A wolf spider zombie (D:13)
  An anubis guard (Zig:10)
  A shining eye (Zig:8)
  3 ugly things
  A tengu zombie (Depths:3)
  An orc sorcerer (Orc:4)
  A griffon (Vaults:2)
  5 harpies (Shoals:4)
  An orb spider (Spider:1)
  A wizard (Zig:12)
  2 cyclopes
  3 oklob plants (Zig:9)
  5 fauns
  A necromancer (Depths:3)
  2 naga magi
  A water nymph (Shoals:2)
  A manticore (Shoals:4)
  A fire giant skeleton (Zig:10)
  5 sirens
  A spiny frog (Lair:1)
  A guardian serpent (Zig:15)
  A spriggan skeleton (Zig:16)
  6 yaktaurs
  3 komodo dragons
  3 two-headed ogres
  3 guardian mummies
  8 merfolk
  2 blink frogs
  A wind drake (Shoals:4)
  A deep elf priest (Zig:7)
  An ushabti (Zig:16)
  2 slime creatures
  A raiju (Abyss:3)
  A large abomination (Abyss:3)
  2 humans (D:13)
  4 wraiths (Shoals:1)
  A deep elf mage (Vaults:2)
  2 water elementals (Shoals:4)
  2 yaks
  2 hippogriffs
  4 wolves (Lair:1)
  A hungry ghost (D:8)
  A swamp worm (Lair:3)
  2 wargs
  A chaos spawn (Zig:11)
  2 orc warriors
  A spriggan simulacrum (Depths:2)
  9 ogres
  A boggart (Depths:3)
  An eye of draining (Zig:8)
  A centaur (Shoals:1)
  2 giant frogs
  A glowing shapeshifter simulacrum (Depths:3)
  3 jellies (Zig:8)
  2 orc priests (D:13)
  A sheep (Lair:5)
  An ogre skeleton (Crypt:2)
  3 mummies (Zig:16)
  14 orcs
  A ball python (D:8)
  A bat (D:7)
  A fungus (Lair:1)
  A plant (Shoals:4)
  A starspawn tentacle (Abyss:3)
225 creatures vanquished.

Vanquished Creatures (others)
  A fire giant (Depths:4)
  An alligator (Zig:6)
  A phantasmal warrior (Zig:13)
  2 sea snakes
  2 ugly things
  A siren (Shoals:3)
  A freezing wraith (Zig:7)
  2 two-headed ogres (Vaults:1)
  A redback (Spider:1)
  An ogre (Vaults:1)
  A glowing shapeshifter simulacrum (Depths:4)
  A bush (Lair:8)
  31 eldritch tentacle segments (Depths:5)
  76 fungi
  4 lost souls (Crypt:3)
  76 plants
  7 starspawn tentacles (Abyss:3)
  53 starspawn tentacle segments (Abyss:3)
  4 tentacles (Shoals:4)
  455 tentacle segments (Shoals:4)
721 creatures vanquished.

Grand Total: 3418 creatures vanquished

Notes
Turn   | Place    | Note
--------------------------------------------------------------
     0 | D:1      | Chiseanne the Demonspawn Wanderer began the quest for the Orb.
     0 | D:1      | Chiseanne set off with: a +2 mace, a +0 hand axe, a potion of lignification, a +0 robe, a bread ration
     0 | D:1      | Reached XP level 1. HP: 21/21 MP: 1/1
   281 | D:1      | Reached skill level 1 in Dodging
   286 | D:1      | Gained mutation: You are partially covered in yellow scales (AC +2). [demonic ancestry]
   286 | D:1      | Reached XP level 2. HP: 21/27 MP: 2/2
   855 | D:1      | Reached XP level 3. HP: 3/33 MP: 3/3
  1308 | D:2      | Found a sparkling altar of Nemelex Xobeh.
  1409 | D:2      | Reached XP level 4. HP: 29/39 MP: 4/4
  1778 | D:2      | Found an iron altar of Okawaru.
  2357 | D:3      | Noticed Sigmund
  2374 | D:3      | Killed Sigmund
  2374 | D:3      | Reached skill level 6 in Fighting
  2374 | D:3      | Reached XP level 5. HP: 46/46 MP: 5/5
  2374 | D:3      | Reached XP level 6. HP: 52/52 MP: 6/6
  2602 | D:3      | Noticed Jessica
  2607 | D:3      | Killed Jessica
  2631 | D:3      | Found an opulent altar of Gozag.
  2638 | D:3      | Became a worshipper of Gozag Ym Sagoz the Greedy
  2783 | D:3      | Found a glowing golden altar of the Shining One.
  3125 | D:4      | Found a sacrificial altar of Ru.
  3199 | D:4      | Reached skill level 1 in Evocations
  3581 | D:4      | Noticed Edmund
  3588 | D:4      | Killed Edmund
  3588 | D:4      | Gained mutation: You are mostly covered in yellow scales (AC +3). [demonic ancestry]
  3588 | D:4      | Reached XP level 7. HP: 46/59 MP: 6/8
  3699 | D:4      | Found an ancient bone altar of Kikubaaqudgha.
  4343 | D:5      | Entered Level 5 of the Dungeon
  4549 | D:5      | Found a burning altar of Makhleb.
  4586 | D:5      | Found a radiant altar of Vehumet.
  4602 | D:5      | Reached skill level 7 in Fighting
  4602 | D:5      | Gained mutation: You have large cloven feet. [demonic ancestry]
  4602 | D:5      | Reached XP level 8. HP: 62/67 MP: 10/10
  5086 | D:5      | Reached skill level 5 in Armour
  5893 | D:6      | Found a sparkling altar of Nemelex Xobeh.
  6030 | D:6      | Found a staircase to the Ecumenical Temple.
  6102 | D:6      | Found Hapnaw's Gadget Emporium.
  6129 | D:6      | Reached skill level 5 in Evocations
  6177 | D:6      | Reached skill level 5 in Dodging
  6612 | D:6      | Gained mutation: A weak demonic guardian rushes to your aid. [demonic ancestry]
  6612 | D:6      | Reached XP level 9. HP: 33/72 MP: 11/13
  6631 | D:6      | HP: 3/72 [poisoned by a gnoll sergeant]
  6638 | D:6      | HP: 2/72 [poisoned by a gnoll sergeant]
  6646 | D:6      | HP: 2/72 [poisoned by a gnoll sergeant]
  6976 | D:6      | Found a shimmering altar of Xom.
  6990 | D:6      | Found a glowing silver altar of Zin.
  6997 | D:6      | Found a shattered altar of Ashenzari.
  8543 | D:8      | Found a white marble altar of Elyvilon.
  8546 | D:8      | Noticed Chiseanne's ghost (experienced DsWn)
  8632 | D:8      | Reached skill level 8 in Fighting
  8848 | D:8      | Killed Chiseanne's ghost
  9162 | D:8      | Found Athrovv Keol's Food Boutique.
  9176 | D:8      | Bought a beef jerky for 16 gold pieces
  9176 | D:8      | Bought a beef jerky for 16 gold pieces
  9176 | D:8      | Bought a bread ration for 55 gold pieces
  9176 | D:8      | Bought a beef jerky for 16 gold pieces
  9176 | D:8      | Bought a beef jerky for 16 gold pieces
  9176 | D:8      | Bought a beef jerky for 16 gold pieces
  9176 | D:8      | Bought a bread ration for 55 gold pieces
  9400 | D:8      | Gained mutation: You sometimes gain a little power by taking damage. [demonic ancestry]
  9400 | D:8      | Reached XP level 10. HP: 28/80 MP: 15/15
  9813 | D:8      | Found a staircase to the Lair.
 10105 | D:9      | Found Utoh's Gadget Shoppe.
 10174 | D:9      | Gained mutation: Your spells are a little harder to cast, but a little more powerful. [potion of beneficial mutation]
 10405 | Lair:1   | Entered Level 1 of the Lair of Beasts
 10578 | Lair:1   | Noticed a black mamba
 10589 | Lair:1   | Killed a black mamba
 11321 | Lair:1   | Reached skill level 9 in Fighting
 11650 | Lair:1   | Gained mutation: You sometimes gain power by taking damage. [demonic ancestry]
 11650 | Lair:1   | Reached XP level 11. HP: 54/89 MP: 17/17
 11852 | Lair:1   | Noticed Harold
 11863 | Lair:1   | Killed Harold
 12174 | Lair:1   | Reached skill level 10 in Fighting
 13627 | Lair:2   | Noticed an ice dragon
 13643 | Lair:2   | Killed an ice dragon
 14125 | Lair:2   | Reached skill level 1 in Long Blades
 15389 | Lair:3   | Reached skill level 11 in Fighting
 16138 | Lair:3   | Noticed an eight-headed hydra
 16157 | Lair:3   | Killed an eight-headed hydra
 16157 | Lair:3   | Reached XP level 12. HP: 95/100 MP: 19/19
 16574 | Lair:4   | Found a hole to the Spider Nest.
 16705 | Lair:4   | Reached skill level 10 in Evocations
 17844 | Lair:5   | Reached skill level 10 in Dodging
 18021 | Lair:5   | Found a staircase to the Shoals.
 18436 | Lair:5   | Noticed a five-headed hydra
 18453 | Lair:5   | Killed a five-headed hydra
 18659 | Lair:5   | Reached skill level 5 in Long Blades
 18877 | Lair:5   | Noticed a five-headed hydra
 18887 | Lair:5   | Killed a five-headed hydra
 19191 | Lair:5   | Reached skill level 12 in Fighting
 20020 | Lair:6   | Gained mutation: You have hoof-like feet. [demonic ancestry]
 20020 | Lair:6   | Reached XP level 13. HP: 49/108 MP: 21/21
 20302 | Lair:6   | Noticed Rupert
 20308 | Lair:6   | Paralysed by Rupert for 6 turns
 20328 | Lair:6   | Killed Rupert
 21556 | Lair:7   | Found a staircase to the Slime Pits.
 22305 | Lair:8   | Entered Level 8 of the Lair of Beasts
 23082 | Lair:8   | Reached skill level 13 in Fighting
 24280 | Lair:8   | Reached XP level 14. HP: 57/118 MP: 21/23
 26210 | D:9      | Found a basalt altar of Yredelemnul.
 26256 | D:9      | Found a snail-covered altar of Cheibriados.
 26298 | D:9      | Identified a scroll of acquirement
 26651 | D:10     | Entered Level 10 of the Dungeon
 26672 | D:10     | Found Juitwe's Jewellery Boutique.
 26685 | D:10     | Bought a cursed -2 ring of strength for 26 gold pieces
 27159 | D:10     | Found a roughly hewn altar of Beogh.
 27161 | D:10     | Found a staircase to the Orcish Mines.
 27602 | Orc:1    | Entered Level 1 of the Orcish Mines
 27800 | Orc:1    | Found Nutwaugh's Magic Scroll Emporium.
 27860 | Orc:1    | Bought a scroll of summoning for 133 gold pieces
 27860 | Orc:1    | Bought a scroll of brand weapon for 280 gold pieces
 27860 | Orc:1    | Bought a scroll of identify for 28 gold pieces
 27860 | Orc:1    | Bought a scroll of identify for 28 gold pieces
 27860 | Orc:1    | Bought a scroll of enchant weapon for 105 gold pieces
 27860 | Orc:1    | Bought a scroll of teleportation for 42 gold pieces
 27860 | Orc:1    | Bought a scroll of teleportation for 42 gold pieces
 27860 | Orc:1    | Bought a scroll of teleportation for 42 gold pieces
 27860 | Orc:1    | Bought a scroll of magic mapping for 49 gold pieces
 27860 | Orc:1    | Bought a scroll of fog for 28 gold pieces
 27860 | Orc:1    | Bought a scroll of fog for 28 gold pieces
 28688 | Orc:3    | Found Hamaj's General Store.
 28808 | Orc:3    | Bought the +2 shield of Cowardice {Str-3 Dex+4 SInv} for 417 gold pieces
 28808 | Orc:3    | Bought a potion of curing for 45 gold pieces
 28808 | Orc:3    | Bought a potion of heal wounds for 75 gold pieces
 28808 | Orc:3    | Bought a beef jerky for 22 gold pieces
 28808 | Orc:3    | Bought a scroll of remove curse for 45 gold pieces
 28808 | Orc:3    | Bought a potion of might for 60 gold pieces
 28808 | Orc:3    | Bought a potion of invisibility for 120 gold pieces
 28962 | Orc:3    | Found Naseddergh's Armour Shop.
 29144 | Orc:3    | Found Inerymun's Antique Weapon Boutique.
 29145 | Orc:3    | Noticed Maud
 29171 | Orc:3    | Killed Maud
 29171 | Orc:3    | Reached skill level 1 in Shields
 29543 | Orc:2    | Noticed Nergalle
 29560 | Orc:2    | Killed Nergalle
 29689 | Orc:4    | Entered Level 4 of the Orcish Mines
 29803 | Orc:4    | Found a staircase to the Elven Halls.
 30195 | Orc:4    | Found Cunlinaja's Distillery.
 30362 | Orc:4    | Bought a potion of resistance for 130 gold pieces
 30362 | Orc:4    | Bought a potion of curing for 39 gold pieces
 30362 | Orc:4    | Bought a potion of curing for 39 gold pieces
 30362 | Orc:4    | Bought a potion of haste for 130 gold pieces
 30362 | Orc:4    | Bought a potion of agility for 52 gold pieces
 30371 | Orc:4    | Found Guhyusok's Assorted Antiques.
 30455 | Orc:4    | Bought a scroll of identify for 74 gold pieces
 30455 | Orc:4    | Bought a runed bone wand for 148 gold pieces
 30455 | Orc:4    | Bought a scroll of identify for 74 gold pieces
 30455 | Orc:4    | Bought a potion of heal wounds for 185 gold pieces
 30882 | Orc:4    | Found a roughly hewn altar of Beogh.
 30983 | Orc:4    | Gained mutation: You are completely covered in yellow scales (AC +4, rCorr). [demonic ancestry]
 30983 | Orc:4    | Reached XP level 15. HP: 121/125 MP: 24/24
 31014 | Orc:4    | Found Upiyfub's Jewellery Shop.
 31014 | Orc:4    | Found Famneveu's Distillery.
 31019 | Orc:4    | Bought a +2 ring of slaying for 336 gold pieces
 31030 | Orc:4    | Bought an uncursed amulet of warding for 240 gold pieces
 31041 | Orc:4    | Bought a potion of magic for 104 gold pieces
 31041 | Orc:4    | Bought a potion of invisibility for 104 gold pieces
 31041 | Orc:4    | Bought a potion of heal wounds for 65 gold pieces
 31041 | Orc:4    | Bought a potion of haste for 130 gold pieces
 31470 | Orc:4    | Bought a potion of curing for 39 gold pieces
 31470 | Orc:4    | Bought a potion of curing for 39 gold pieces
 31470 | Orc:4    | Bought a potion of invisibility for 104 gold pieces
 31470 | Orc:4    | Bought a potion of flight for 39 gold pieces
 31682 | D:11     | Reached skill level 14 in Fighting
 31700 | D:11     | Got a scorched jade ring
 31702 | D:11     | Identified the ring of Rillaf {+Fly rElec rF- Dex+4 Slay+2} (You found it on level 11 of the Dungeon)
 31777 | D:11     | Noticed Maurice
 31783 | D:11     | Killed Maurice
 32738 | D:12     | Reached skill level 10 in Long Blades
 32767 | D:12     | Found Ragraih's Armour Emporium.
 32777 | D:12     | Bought the +2 helmet "Furorch" {rF+} for 427 gold pieces
 32797 | D:12     | Found Courot's Food Shop.
 32819 | D:12     | Bought a meat ration for 65 gold pieces
 32819 | D:12     | Bought a bread ration for 65 gold pieces
 32819 | D:12     | Bought a meat ration for 65 gold pieces
 33245 | D:13     | Noticed Chiseanne's ghost (powerful DsWn)
 33266 | D:13     | Killed Chiseanne's ghost
 33279 | D:13     | Found Wuleod's Antique Weapon Emporium.
 33532 | D:13     | Reached skill level 5 in Shields
 34345 | D:13     | Found a gate to the Vaults.
 34915 | D:13     | Bought a glowing long sword for 87 gold pieces
 34927 | D:13     | Bought a glowing hand axe for 75 gold pieces
 35558 | D:12     | Bought the cursed +1 plate armour of Objectivity {+Fly rPois rC+ Slay+3} for 868 gold pieces
 35679 | D:14     | Found Laopah's Armour Shop.
 36266 | D:15     | Entered Level 15 of the Dungeon
 36427 | D:15     | Noticed Nessos
 36456 | D:15     | Killed Nessos
 37126 | D:15     | Gained mutation: You have hooves in place of feet. [demonic ancestry]
 37126 | D:15     | Reached XP level 16. HP: 100/134 MP: 17/25
 37607 | D:15     | Got an ebony flail
 37608 | D:15     | Identified the +7 flail "Wavy" {elec, *Corrode +Inv rN+ Dex+2} (You found it on level 15 of the Dungeon)
 37687 | D:15     | Found a staircase to the Depths.
 38194 | D:9      | Bought a box of beasts for 220 gold pieces
 38194 | D:9      | Bought a sack of spiders for 220 gold pieces
 38301 | Spider:1 | Entered Level 1 of the Spider Nest
 39239 | Spider:4 | Entered Level 4 of the Spider Nest
 40150 | Spider:4 | Got a gossamer rune of Zot
 40302 | Spider:1 | Reached skill level 10 in Armour
 40716 | Shoals:1 | Entered Level 1 of the Shoals
 40802 | Shoals:1 | Noticed Nikola
 40807 | Shoals:1 | Noticed Josephine
 40822 | Shoals:1 | Reached skill level 15 in Fighting
 40829 | Shoals:1 | Killed Josephine
 40850 | Shoals:1 | Killed Nikola
 41500 | Shoals:3 | Reached XP level 17. HP: 139/142 MP: 24/26
 41574 | Shoals:4 | Entered Level 4 of the Shoals
 41578 | Shoals:4 | Noticed Aizul
 41596 | Shoals:4 | Killed Aizul
 42083 | Shoals:4 | Noticed Ilsuiw
 42092 | Shoals:4 | Killed Ilsuiw
 43140 | Shoals:4 | Got a barnacled rune of Zot
 43171 | Shoals:4 | Reached skill level 10 in Shields
 43654 | D:6      | Bought a lamp of fire for 440 gold pieces
 43943 | D:12     | Bought a bread ration for 65 gold pieces
 43943 | D:12     | Bought a beef jerky for 19 gold pieces
 43943 | D:12     | Bought a meat ration for 65 gold pieces
 43943 | D:12     | Bought a bread ration for 65 gold pieces
 43943 | D:12     | Bought 2 fruits for 39 gold pieces
 43943 | D:12     | Bought a bread ration for 65 gold pieces
 43943 | D:12     | Bought a slice of pizza for 19 gold pieces
 43943 | D:12     | Bought a beef jerky for 19 gold pieces
 44195 | Orc:4    | Bought 2 potions of haste for 260 gold pieces
 44195 | Orc:4    | Bought a potion of curing for 39 gold pieces
 44301 | Orc:3    | Bought a phial of floods for 600 gold pieces
 44357 | Orc:1    | Bought a scroll of recharging for 133 gold pieces
 44357 | Orc:1    | Bought a scroll of immolation for 49 gold pieces
 44622 | Vaults:1 | Entered Level 1 of the Vaults
 46291 | Vaults:1 | Cast into the Abyss (a wizard)
 46374 | Abyss:2  | Found a roughly hewn altar of Beogh.
 46506 | Abyss:3  | Noticed a lich
 46558 | Abyss:3  | HP: 5/143 [soul eater/drain life (4)]
 46812 | Abyss:3  | Noticed a lich
 46823 | Abyss:3  | Killed a lich
 46823 | Abyss:3  | Reached XP level 18. HP: 25/135 MP: 10/24
 46907 | Abyss:3  | Noticed a bone dragon
 47172 | Abyss:3  | Noticed a lich
 47563 | Abyss:3  | Found a corrupted altar of Lugonu.
 48211 | Abyss:3  | Noticed a bone dragon
 48388 | Abyss:3  | Paralysed by accursed screaming for 1 turns
 48400 | Abyss:3  | Paralysed by accursed screaming for 1 turns
 48407 | Abyss:3  | Paralysed by accursed screaming for 1 turns
 48417 | Abyss:3  | Paralysed by accursed screaming for 1 turns
 48800 | Abyss:3  | Reached skill level 16 in Fighting
 48862 | Abyss:3  | Gained mutation: You are weak. (Str -2) [a neqoxec]
 49247 | Abyss:3  | Reached skill level 15 in Dodging
 49297 | Vaults:1 | Escaped the Abyss
 49649 | Vaults:1 | Noticed Saint Roka
 49679 | Vaults:1 | Killed Saint Roka
 49943 | Vaults:1 | Found Wouqonga's Book Shoppe.
 50815 | Vaults:1 | Gained mutation: You are robust (+10% HP). [demonic ancestry]
 50815 | Vaults:1 | Reached XP level 19. HP: 142/172 MP: 26/28
 51551 | Vaults:2 | Found a sacrificial altar of Ru.
 52137 | Vaults:2 | Found a staircase to the Crypt.
 54283 | D:12     | Bought the +8 large shield of the Barracuda {rF+ Str+4 Slay+2} for 1129 gold pieces
 55003 | D:15     | Lost mutation: Your spells are a little harder to cast, but a little more powerful. [potion of cure mutation]
 55003 | D:15     | Lost mutation: You are weak. (Str -2) [potion of cure mutation]
 55359 | D:9      | Bought a +0 lightning rod (13/13) for 990 gold pieces
 55359 | D:9      | Bought a stone of tremors for 440 gold pieces
 56097 | Vaults:3 | Found Ablyqi Iseg's Antique Weapon Shop.
 56101 | Vaults:3 | Bought a runed blowgun for 92 gold pieces
 56629 | Vaults:3 | Gained mutation: You are very robust (+20% HP). [demonic ancestry]
 56629 | Vaults:3 | Reached XP level 20. HP: 174/200 MP: 29/29
 57558 | Vaults:4 | Reached skill level 17 in Fighting
 58474 | Crypt:1  | Entered Level 1 of the Crypt
 58554 | Crypt:2  | Noticed Jorgrun
 58577 | Crypt:2  | Killed Jorgrun
 58680 | Crypt:3  | Entered Level 3 of the Crypt
 59068 | Crypt:3  | Found an ancient bone altar of Kikubaaqudgha.
 59077 | Crypt:3  | Reached skill level 15 in Armour
 59576 | Crypt:3  | Gained mutation: A demonic guardian rushes to your aid. [demonic ancestry]
 59576 | Crypt:3  | Reached XP level 21. HP: 203/208 MP: 30/30
 59690 | Crypt:3  | Got a jewelled whip
 59691 | Crypt:3  | Identified the +4 whip of Kamnelau {slash, -Tele MP+9 Str+2 Dex+5} (You found it on level 3 of the Crypt)
 59720 | Crypt:3  | Noticed Khufu
 59756 | Crypt:3  | HP: 6/208 [freezing wraith (5)]
 60403 | Crypt:3  | Killed Khufu
 60532 | Crypt:3  | Found a staircase to the Tomb.
 61220 | Depths:1 | Entered Level 1 of the Depths
 61286 | Depths:1 | Reached skill level 15 in Shields
 62083 | Depths:1 | Found a gateway to Hell.
 62523 | Depths:1 | Reached skill level 18 in Dodging
 63664 | Depths:2 | Reached XP level 22. HP: 215/219 MP: 31/31
 63866 | Depths:2 | Got a sparkling marble ring
 63867 | Depths:2 | Identified the ring "Hati Uzy" {rPois rF- rC+ rN+ Stlth+} (You found it on level 2 of the Depths)
 64086 | Depths:2 | Got a faintly glowing ruby amulet
 64117 | Depths:2 | Identified the Handbook of the Volcanoes (You found it on level 2 of the Depths)
 64792 | Depths:2 | Noticed Wiglaf
 64814 | Depths:2 | Killed Wiglaf
 64990 | Depths:3 | Found a gateway to a ziggurat.
 65013 | Depths:3 | Noticed Margery
 65044 | Depths:3 | Killed Margery
 65316 | Depths:3 | Found a portal to a secret trove of treasure.
 65361 | Depths:3 | Gained mutation: You tend to lose your temper in combat. [a cacodemon]
 65467 | Depths:3 | Found a one-way gate leading to the halls of Pandemonium.
 66899 | Depths:4 | Found Ipnex's Gadget Emporium.
 67126 | D:15     | Identified the amulet of the Nightingale {Spirit *Contam rC+++ Dex+6} (You took it off a yaktaur on level 2 of the Depths)
 67134 | D:15     | Lost mutation: You tend to lose your temper in combat. [potion of cure mutation]
 67266 | Depths:4 | Bought a wand of disintegration (19) for 253 gold pieces
 67285 | Depths:4 | Noticed Mara
 67293 | Depths:4 | Killed Mara
 67293 | Depths:4 | Reached skill level 19 in Dodging
 67293 | Depths:4 | Gained mutation: You are powered by pain. [demonic ancestry]
 67293 | Depths:4 | Reached XP level 23. HP: 230/230 MP: 32/32
 67306 | Depths:4 | Found a one-way gate to the infinite horrors of the Abyss.
 67306 | Depths:4 | Noticed Louise
 67318 | Depths:4 | Killed Louise
 67913 | Depths:5 | Entered Level 5 of the Depths
 67913 | Depths:5 | Found Pelasa's Distillery.
 67998 | Depths:5 | Found a gate to the Realm of Zot.
 68209 | Depths:5 | Bought a potion of heal wounds for 75 gold pieces
 68209 | Depths:5 | Bought a potion of curing for 45 gold pieces
 68209 | Depths:5 | Bought a potion of might for 60 gold pieces
 68209 | Depths:5 | Bought a potion of might for 60 gold pieces
 68209 | Depths:5 | Bought 2 potions of heal wounds for 150 gold pieces
 68209 | Depths:5 | Bought a potion of might for 60 gold pieces
 68209 | Depths:5 | Bought a potion of curing for 45 gold pieces
 68209 | Depths:5 | Bought a potion of heal wounds for 75 gold pieces
 68351 | Depths:5 | Found a sparkling altar of Nemelex Xobeh.
 68376 | Depths:5 | Found Suorok's Distillery.
 68385 | Depths:5 | Bought a potion of heal wounds for 65 gold pieces
 68385 | Depths:5 | Bought a potion of heal wounds for 65 gold pieces
 68385 | Depths:5 | Bought a potion of curing for 39 gold pieces
 68385 | Depths:5 | Bought a potion of curing for 39 gold pieces
 68385 | Depths:5 | Bought 2 potions of curing for 78 gold pieces
 68386 | Depths:5 | Found Luimamokh's Magic Scroll Emporium.
 68396 | Depths:5 | Paralysed by a vampire knight for 3 turns
 68440 | Depths:5 | Bought a scroll of teleportation for 72 gold pieces
 68440 | Depths:5 | Bought a scroll of teleportation for 72 gold pieces
 68440 | Depths:5 | Bought a scroll of recharging for 228 gold pieces
 68440 | Depths:5 | Bought a scroll of summoning for 228 gold pieces
 68575 | Depths:5 | Found Fewitegg's Assorted Antiques.
 68583 | Depths:5 | Bought a potion of haste for 270 gold pieces
 68583 | Depths:5 | Bought a potion of agility for 108 gold pieces
 68607 | Depths:5 | Noticed an ancient lich
 68627 | Depths:5 | Killed an ancient lich
 69329 | D:15     | Bought a pair of pitted gloves for 256 gold pieces
 69329 | D:15     | Bought a pair of distressingly furry gloves for 256 gold pieces
 69330 | D:15     | Identified the +1 pair of gloves of Experimentation {-Cast MP+9 Dex+4} (You bought it in a shop on level 15 of the Dungeon)
 69331 | D:15     | Identified the cursed +0 pair of gloves of Boredom {-Tele rC+ MR+ Str+2} (You bought it in a shop on level 15 of the Dungeon)
 69354 | D:15     | Bought a faintly glowing scale mail for 243 gold pieces
 69354 | D:15     | Bought a polished plate armour for 756 gold pieces
 69354 | D:15     | Identified the +6 scale mail of Mezcal {Str+2 Slay+3} (You bought it in a shop on level 15 of the Dungeon)
 69355 | D:15     | Identified the +1 plate armour of Decompression {Str+4} (You bought it in a shop on level 15 of the Dungeon)
 69368 | D:15     | Bought a smoking leather armour for 189 gold pieces
 69368 | D:15     | Bought a brightly glowing robe for 153 gold pieces
 69368 | D:15     | Bought an ichor-stained robe for 153 gold pieces
 69369 | D:15     | Identified the +3 leather armour of Vyojueno {Dex+5} (You bought it in a shop on level 15 of the Dungeon)
 69370 | D:15     | Identified the cursed -5 robe of Misfortune {-Cast *Contam *Tele EV-4 Str-2 Int-2 Dex-2 Stlth-- *Curse} (You bought it in a shop on level 15 of the Dungeon)
 69371 | D:15     | Identified the +1 robe "Fecihaar" {rC++ Str+2} (You bought it in a shop on level 15 of the Dungeon)
 69535 | Zig:1    | Entered Level 1 of a ziggurat
 69562 | Zig:2    | Entered Level 2 of a ziggurat
 69682 | Zig:3    | Entered Level 3 of a ziggurat
 69719 | Zig:4    | Entered Level 4 of a ziggurat
 69798 | Zig:5    | Entered Level 5 of a ziggurat
 69805 | Zig:5    | Gained mutation: You are occasionally teleported to nearby monsters. [a neqoxec]
 69877 | Zig:6    | Entered Level 6 of a ziggurat
 69993 | Zig:7    | Entered Level 7 of a ziggurat
 70045 | Zig:7    | Identified the Disquisition on Bewitching Combat Magic
 70060 | Zig:7    | Got an ichor-stained scimitar
 70061 | Zig:7    | Identified the +9 scimitar of Futuekyb {freeze, Str+2} (You found it on level 7 of a ziggurat)
 70185 | Zig:8    | Entered Level 8 of a ziggurat
 70218 | Zig:8    | Gained mutation: You have a pair of small antennae on your head. [a shining eye]
 70310 | Zig:9    | Entered Level 9 of a ziggurat
 70435 | Zig:9    | Got a faintly glowing leather armour
 70436 | Zig:9    | Identified the +2 leather armour "Cocaw" {MR++ Stlth+} (You found it on level 9 of a ziggurat)
 70515 | Zig:10   | Entered Level 10 of a ziggurat
 70521 | Zig:10   | Noticed a greater mummy
 70522 | Zig:10   | Noticed a greater mummy
 70561 | Zig:10   | Killed a greater mummy
 70595 | Zig:10   | HP: 5/229 [soul eater[the player character] (12)]
 70633 | Zig:10   | Killed a greater mummy
 70633 | Zig:10   | HP: 11/232 [torment (7)]
 71080 | Zig:10   | Got a citrine-encrusted plate armour
 71081 | Zig:10   | Identified the +9 plate armour "Miagij" {rC+ Str+2 Int+2} (You found it on level 10 of a ziggurat)
 71085 | Zig:10   | Gained mutation: You are extremely robust (+30% HP). [demonic ancestry]
 71085 | Zig:10   | Reached XP level 24. HP: 232/261 MP: 32/32
 71142 | Zig:11   | Entered Level 11 of a ziggurat
 71147 | Zig:11   | Noticed Motoo the pandemonium lord
 71160 | Zig:11   | Killed Motoo the pandemonium lord
 71169 | Zig:11   | Noticed Mumma the pandemonium lord
 71171 | Zig:11   | Noticed Cumos the pandemonium lord
 71175 | Zig:11   | Gained mutation: A powerful demonic guardian rushes to your aid. [demonic ancestry]
 71175 | Zig:11   | Reached XP level 25. HP: 270/270 MP: 32/32
 71184 | Zig:11   | Killed Cumos the pandemonium lord
 71214 | Zig:11   | Killed Mumma the pandemonium lord
 71600 | Zig:11   | Got a warped granite ring
 71620 | Zig:11   | Reached XP level 26. HP: 279/279 MP: 32/32
 71621 | Zig:11   | Reached XP level 27. HP: 288/288 MP: 32/32
 71628 | Zig:12   | Entered Level 12 of a ziggurat
 72084 | Zig:12   | Identified a +3 rod of destruction (12/12) (You found it on level 12 of a ziggurat)
 72087 | Zig:12   | Identified the Almanac of Creation
 72089 | Zig:12   | Got a steaming copper ring
 72090 | Zig:12   | Identified the ring of Xivvuywn {+/*Tele rElec MP-9 Int+8} (You found it on level 12 of a ziggurat)
 72091 | Zig:12   | Identified the ring "Ginn" {Wiz rPois rN+ Str-2 Int+2} (You found it on level 11 of a ziggurat)
 72096 | Zig:12   | Identified a +8 rod of clouds (14/14) (You found it on level 12 of a ziggurat)
 72104 | Zig:12   | Lost mutation: You are occasionally teleported to nearby monsters. [potion of cure mutation]
 72104 | Zig:12   | Lost mutation: You have a pair of small antennae on your head. [potion of cure mutation]
 72117 | Zig:13   | Entered Level 13 of a ziggurat
 72225 | Zig:13   | Got a smoking chain mail
 72229 | Zig:13   | Identified the cursed +1 chain mail of Yvunn {rPois rF+ Str-2 Int+3} (You found it on level 13 of a ziggurat)
 72237 | Zig:13   | Identified a +2 rod of the swarm (10/10) (You found it on level 13 of a ziggurat)
 72239 | Zig:13   | Identified a +4 rod of the swarm (10/10) (You found it on level 13 of a ziggurat)
 72326 | Zig:14   | Entered Level 14 of a ziggurat
 72386 | Zig:14   | Reached skill level 20 in Dodging
 72777 | Zig:14   | Got a bloodstained long sword
 72778 | Zig:14   | Identified the cursed +1 long sword of Yeast {venom, MP+9 Int+7 Dex+3 Stlth-} (You found it on level 14 of a ziggurat)
 72797 | Zig:15   | Entered Level 15 of a ziggurat
 72955 | Zig:15   | Identified Utzinwis's Collected Works on the Entourage
 72979 | Zig:15   | Got a faintly humming scale mail
 72980 | Zig:15   | Identified the cursed +0 scale mail of the Original Sin {Int+3} (You found it on level 15 of a ziggurat)
 73101 | Zig:16   | Entered Level 16 of a ziggurat
 73181 | Zig:16   | Got a faintly glowing iron ring
 73190 | Zig:16   | Got a fine silver amulet
 73198 | Depths:3 | Killed by an exploding bennu... ignited by themself

Vault maps used:
D:1:      dpeg_arrival_triangle_fractal
D:2:      nemelex_xobeh_ov_fountains_minmay, lemuel_doored_altar
D:3:      lemuel_round_altar, grunt_gozag_statues, first_bread, uniq_sigmund,
          uniq_jessica
D:4:      kennysheep_vampire_church, nicolae_ru_the_path_less_chosen,
          uniq_edmund
D:5:      lemuel_crystal_altar, lemuel_round_altar, lexackson_kobold_supper
D:6:      minmay_overflow_temple_star_quad, temple_hall, serial_shops, shop,
          nemelex_dance_club_becter
D:7:      serial_co_window_serial, co_window_paths_a, co_window_corner_a,
          co_window_corner_a, co_window_paths_a, co_window_corner_a,
          co_window_paths_c, co_window_of_opportunity_b, co_window_2corner,
          co_window_broadway_a, co_window_sun, co_window_4corner_a,
          glass_columns_c, glass_columns_b
D:8:      overflow_temple_1_default, erik_lair_orcish_takeover
D:9:      cheibriados_altar_1, lemuel_zombie_altar_yredelemnul, serial_shops,
          shop_fountains
D:10:     david_orc_5
D:11:     hangedman_stone_soup, uniq_maurice
D:12:     serial_shops, shop
D:13:     grunt_vaults_entry_tiered
D:14:     minmay_triangles_in_corner, dk_noncrumbling_2
D:15:     grunt_enter_depths_hoard, solitary_fountain, uniq_nessos
Lair:1:   cheibrodos_lair_caveside_slide, minivault_24,
          nicolae_quartered_pool_medium, grunt_forest_small_clearing_treed,
          serial_bayou_shore_b, grunt_megastairs_2, uniq_harold
Lair:2:   dragon1_lemuel, serial_bayou_pond_d, beast_lair_carwin_7,
          serial_bayou_shore_b
Lair:3:   nicolae_volcano_entry_hallway, worms_lemuel
Lair:4:   spider_nest_entry_web_field
Lair:5:   elwin_shoals_entry_rocks, eino_house_with_fridge, serial_bayou_shore_a
Lair:6:   serial_bayou_shore_b, uniq_rupert
Lair:7:   slime_dummy, forest_entry_grove
Lair:8:   minmay_lair_end_frog_pond, infiniplex_staircase_pool_2
Shoals:1: uniq_nikola, uniq_josephine
Shoals:2: lemuel_oklob_altar
Shoals:3: nicolae_shoals_stone_sculpture_thing
Shoals:4: shoals_end_hangedman, shoal_ilsuiw, nicolae_shoals_circle_sea_wall,
          uniq_aizul
Spider:1: nicolae_spider_webs_and_nodes
Spider:4: spider_rune_water
Orc:1:    serial_shops, shop, sword_in_stone
Orc:2:    uniq_nergalle
Orc:3:    serial_shops, shop, shop, shop, nicolae_orc_pool_cavern, uniq_maud
Orc:4:    st_orc_town, mines4_lemuel
Vaults:1: vaults_standard_mumra_x, v_misc_5, v_rooms_3, v_misc_27,
          ontoclasm_vaults_hangar, ontoclasm_vaults_eye, vaults_dpeg_ring,
          vaults_room_door_hall, nicolae_vaults_angled_halls, serial_shops,
          shop_fountains, uniq_saint_roka
Vaults:2: minmay_crypt_entry_simple_corners, v_misc_10, v_misc_1,
          hangedman_vaults_nodes, grunt_vaults_twisty,
          nicolae_vaults_know_your_exits, ontoclasm_vaults_ring_small,
          grunt_vaults_diagonal, vaults_room_grunt_arrival_checkpoint,
          v_pattern_4, basic_altar
Vaults:3: v_rooms_4, v_misc_13, nicolae_vaults_ninety_degrees, v_rooms_2,
          ontoclasm_vaults_tryst, grunt_vaults_bifocal, vaults_mumra_lcd,
          vaults_room_octagon, v_misc_9, vaults_room_ringed_pool,
          nicolae_vaults_gold_heap, v_alt_pattern_2, vaults_dpeg_encased_lava,
          nicolae_vaults_alarming, serial_shops, shop
Vaults:4: nicolae_vaults_windows_and_doors_thing,
          vaults_standard_mumra_enter_the_diamond,
          nicolae_vaults_stairing_the_circle, hangedman_vaults_capsules,
          v_pattern_5, st_spiral_rooms, hangedman_vaults_river_flow,
          vaults_room_semicircle, ontoclasm_vaults_pinch,
          nicolae_vaults_circle_grid_a, vaults_room_pool, v_misc_17,
          ontoclasm_vaults_twist, ontoclasm_vaults_decontamination,
          nicolae_vaults_little_squares_6
Crypt:2:  grunt_ministairs_14, tombwall_bobbens, uniq_donald, uniq_boris,
          uniq_jorgrun
Crypt:3:  grunt_crypt_end_deaths_head
Depths:1: pf_hell_entry_tar_river, columned_hall_lemuel, grunt_ministairs_4,
          serial_bayou_lake_a
Depths:2: vault_1, minmay_misc_feat_nine_boxes, hell_entry, spider_trap,
          hangedman_corner_corridor, minmay_staircase_bubble, uniq_wiglaf
Depths:3: minmay_containers, enter_ziggurat_c, hell_entry,
          rand_demon_pan_entry_7, enter_trove_1, uniq_margery
Depths:4: minmay_outward_triangles, pf_hell_entry_great_geh,
          nicolae_abyss_entry_one_way_or_another, minmay_misc_feat_x,
          serial_shops, shop, uniq_mara
Depths:5: evilmike_zot_entry_basic, lemuel_crystal_altar,
          hangedman_abyss_entry_splay, serial_shops, shop, nicolae_shop_stone,
          shop, nicolae_shop_temple_entry_statues_fountains, hell_entry,
          st_stairs_8, hangedman_decor_riveting, minmay_librarian
Abyss:1:  hangedman_cross_veins
Abyss:2:  bh_silent_lugonu_exit
Zig:7:    ziggurat_pillar_centre_c
Zig:8:    ziggurat_loot_1
Zig:9:    ziggurat_pillar_centre_oklobs
Zig:11:   ziggurat_pillar_centre_dead_trees

Action                   |  1- 3 |  4- 6 |  7- 9 | 10-12 | 13-15 | 16-18 | 19-21 | 22-24 | 25-27 || total
-------------------------+-------+-------+-------+-------+-------+-------+-------+-------+-------++-------
Melee: Mace              |   128 |    55 |       |       |       |       |       |       |       ||   183
       Flail             |       |    94 |   528 |   334 |    24 |     7 |       |       |       ||   987
       Katana            |       |       |       |   500 |  2094 |  1660 |  1953 |  1117 |   226 ||  7550
       Scimitar          |       |       |       |       |       |       |       |     1 |       ||     1
 Fire: Blowgun           |       |       |    11 |     9 |    71 |    43 |       |       |       ||   134
Throw: Throwing net      |       |       |       |     4 |       |       |       |       |       ||     4
Invok: Potion Petition   |       |       |     1 |     3 |     2 |     5 |     2 |     3 |     2 ||    18
       Call Merchant     |       |       |     1 |     2 |     2 |       |       |     3 |       ||     8
 Abil: Evoke Berserk Rag |       |     1 |     3 |       |     1 |       |       |       |       ||     5
Evoke: Fan of gales      |       |       |       |     1 |     3 |     1 |     2 |     2 |     2 ||    11
       Wand              |       |       |       |     2 |     8 |    16 |     3 |     2 |     1 ||    32
       Deck              |       |       |       |     1 |       |       |       |       |       ||     1
       Box of beasts     |       |       |       |       |       |    20 |       |       |       ||    20
       Sack of spiders   |       |       |       |       |       |     7 |       |       |     3 ||    10
       Lamp of fire      |       |       |       |       |       |     2 |     4 |     3 |     3 ||    12
       Phial of floods   |       |       |       |       |       |     1 |     2 |     2 |     1 ||     6
       Stone of tremors  |       |       |       |       |       |       |     1 |       |       ||     1
       Phantom mirror    |       |       |       |       |       |       |     1 |       |       ||     1
       Rod               |       |       |       |       |       |       |       |     3 |     8 ||    11
  Use: Scroll            |     6 |     8 |    13 |    14 |     8 |    15 |     8 |    14 |    17 ||   103
       Potion            |     1 |     1 |     1 |     8 |    15 |    10 |     7 |    15 |    15 ||    73
 Stab: Sleeping          |     2 |     1 |       |       |       |       |       |       |       ||     3
       Distracted        |       |       |     2 |    13 |    20 |    27 |    18 |    16 |     8 ||   104
       Paralysed         |       |       |       |    11 |       |       |       |       |       ||    11
       Held in net/web   |       |       |       |     1 |       |       |       |       |       ||     1
       Invisible         |       |       |       |       |     9 |    17 |       |       |       ||    26
       Confused          |       |       |       |       |       |     2 |       |     1 |     2 ||     5
  Eat: Chunk             |     1 |     6 |       |       |       |       |       |       |       ||     7
       Fruit             |       |     3 |       |     7 |     8 |     2 |       |       |       ||    20
       Royal jelly       |       |     1 |       |     2 |     3 |     1 |     1 |       |     6 ||    14
       Bread ration      |       |       |     5 |     3 |     7 |     9 |     3 |     3 |       ||    30
       Beef jerky        |       |       |     1 |     7 |     4 |     2 |     3 |     2 |       ||    19
       Meat ration       |       |       |       |       |     2 |       |     5 |     1 |       ||     8
       Pizza             |       |       |       |       |       |     4 |       |     1 |     1 ||     6
